 Dungeon Sprint DCSS version 0.30-a0-329-g85436e0a43 (webtiles) character file.

Game seed: 5709578879417571375

42135 mhtbhm the Bludgeoner (level 13, 0/136 HPs)
             Began as an Armataur Fighter on Oct 28, 2022.
             Was the Champion of Okawaru.
             Succumbed to an emperor scorpion's poison
             ... in the Dungeon (Sprint IX: "|||||||||||||||||||||||||||||").
             The game lasted 00:14:58 (5283 turns).

mhtbhm the Bludgeoner (Armataur Fighter)            Turns: 5283, Time: 00:14:58

Health: 0/136      AC: 42    Str: 31    XL:     13   Next: 83%
Magic:  4/23       EV:  3    Int:  6    God:    Okawaru [******]
Gold:   146        SH: 20    Dex:  9    Spells: 12/12 levels left

rFire   + . .      SeeInvis +    a - +3 eveningstar (drain)
rCold   . . .      Faith    .    c - +1 tower shield
rNeg    . . .      Spirit   +    b - +5 crystal plate armour of the Living God {+Inv rElec}
rPois   .          Reflect  .    (helmet restricted)
rElec   +          Harm     .    v - +1 cloak {rCorr}
rCorr   +          Roll     +    M - +0 pair of gloves of the Morning {Will+}
Will    +....      NoTele   +    n - +2 barding {rF+}
Stlth   ..........               l - amulet of guardian spirit
HPRegen 0.42/turn                E - ring of see invisible
MPRegen 0.18/turn                p - +3 ring of strength

@: mighty, lethally poisoned (0 -> -17), hasted, invisible, very quick
A: large, rugged brown scales 3, deformed body, armoured tail, roll, long
tongue, awkward tongue, horns 1, iridescent scales 1, dopey 1
a: Renounce Religion, Evoke Invisibility, Heroism, Finesse


You were in the Dungeon.
You worshipped Okawaru.
Okawaru was exalted by your worship.
You visited 1 branch You collected 1817 gold pieces.
You spent 1671 gold pieces at shops.

Inventory:

Hand Weapons
 a - a +3 eveningstar of draining (weapon)
 K - a +2 dire flail of holy wrath
Missiles
 q - a throwing net
 F - 4 curare-tipped darts (quivered)
 L - 7 javelins
Armour
 b - the +5 crystal plate armour of the Living God (worn) {+Inv rElec}
   (Okawaru gifted it to you in the Dungeon)

   rElec:     It insulates you from electricity.
   +Inv:      It lets you turn invisible.
 c - a +1 tower shield (worn)
 n - a +2 barding of fire resistance (worn)
 v - a +1 cloak of preservation (worn)
 x - a +1 helmet
 M - the +0 pair of gloves of the Morning (worn) {Will+}
   (Okawaru gifted it to you in the Dungeon)

   Will:      It increases your willpower.
Jewellery
 l - an amulet of guardian spirit (around neck)
 o - a +2 ring of protection
 p - a +3 ring of strength (right hand)
 t - a ring of protection from cold
 D - a ring of magical power
 E - a ring of see invisible (left hand)
 G - a ring of protection from cold
 H - a ring of fire
 I - a ring of willpower
Wands
 y - a wand of flame (10)
Scrolls
 k - 2 scrolls of amnesia
 m - a scroll of vulnerability
 r - a scroll of immolation
 u - 3 scrolls of fear
 A - a scroll of poison
 B - 3 scrolls of identify
 C - 3 scrolls of enchant weapon
 J - 2 scrolls of enchant armour
Potions
 g - a potion of haste
 h - 4 potions of magic
 w - a potion of brilliance


   Skills:
 + Level 15.8 Fighting
 + Level 18.5 Maces & Flails
 + Level 4.0 Throwing
 + Level 17.8 Armour
 + Level 7.4 Dodging
 + Level 2.6 Stealth
 + Level 17.9 Shields
 + Level 1.3 Unarmed Combat
 * Level 14.5 Invocations
 + Level 5.3 Evocations


You had 12 spell levels left.
You didn't know any spells.
Your spell library was empty.

Dungeon Overview and Level Annotations

Branches:
Dungeon (1/1)

Altars:
Cheibriados
Dithmenos
Elyvilon
Fedhas
Gozag
Hepliaklqana
Kikubaaqudgha
Makhleb
Nemelex Xobeh
Okawaru
Qazlal
Ru
Sif Muna
Trog
Uskayaw
Vehumet
Wu Jian
Xom
Yredelemnul
Zin
The Shining One
Jiyva
Lugonu

Shops:
D :?**


Innate Abilities, Weirdness & Mutations

You are completely covered in rugged brown scales. (AC +3, +7% HP)
Armour fits poorly on your strangely shaped body.
You have a long armoured tail.
You roll when moving toward enemies. (Rampage)
Your long tongue fully drains potion bottles. (2x potion effects)
Your tongue gives you trouble enunciating. (1.5x scroll delay)
You have a pair of small horns on your head.
You are partially covered in iridescent scales. (AC +2)
You are dopey. (Int -2)


Message History

The sun moth is engulfed in blazing flames.
Flame seeps out of the sun moth.
Things that are here:
a +0 flail; a +0 robe Unknown command.
* * * LOW HITPOINT WARNING * * *
You feel very sick.
The sun moth is engulfed in blazing flames.
Flame seeps out of the sun moth.
The sun moth throws energy at you.
The bolt of energy hits you but does no damage.
There is an open door to the Snake Pit, spattered with blood here.
Things that are here:
a +0 whip; a +0 robe
* * * LOW HITPOINT WARNING * * *
You feel very sick.
The sun moth is engulfed in blazing flames.
Flame seeps out of the sun moth.
You close the door, pushing everything out of the way.
You see here a +0 robe.
* * * LOW HITPOINT WARNING * * *
You feel very sick.
Okay, then.
Okay, then.
Okay, then.
Okay, then.
Really quaff the potion of mutation?
You slurp down every last drop of the potion of mutation!
You feel extremely strange. A pair of horns grows on your head!
Your +1 helmet falls away!
You feel stupid.
Iridescent scales grow over part of your body.
* * * LOW HITPOINT WARNING * * *
You feel very sick.
Unknown command.
Okay, then.
Okay, then.
You don't have any unidentified items.
You die...

'▓.▓†▓.▓)▓.▓.▓.▓.▓,*,*,*,*,*,*,*,
_▓.▓.▓)▓)▓.▓.▓.▓)▓,*,*,*,*,*,*,*,
_▓.▓.▓.▓)▓.▓.▓.▓y▓,*,*,*,*,*,*,*,
_▓.▓.▓.▓.▓.▓.▓.▓)▓,*,*,*,*,*,*,*,
_▓.▓.▓.▓.▓.▓.▓.▓(▓,*,*,*,*,*,*,*,
_▓.▓.▓.▓)▓.▓.▓.▓)▓,*+*,*,*,*,*,*+
_▓.▓.▓.▓.▓.▓.▓.▓+▓,*,*,*,*,*+*,*,
_▓.▓.▓.▓.▓.▓.▓.♣[♣,*,*,*,*,*,*,*,
_▓.▓.▓.▓.▓.▓.▓.♣@♣,*,*,*,*,*,*,*,
_▓.▓.▓.▓.▓.▓.▓.♣.♣,*,*,*,*,*,*,*,
_▓.▓†▓.▓.▓.▓[▓.♣.♣,*,*,*,*,*,*,*,
_▓.▓)▓.▓)▓.▓[▓.♣.♣,*,*,*,*,*,*,*,
_▓.▓.▓.▓)▓.▓[▓.♣[♣,*,*,*,*,*,*,*,
_▓.▓.▓.▓)▓.▓[▓.♣.♣,*,*,*,*,*,*,*,
_▓.▓.▓.▓)▓.▓[▓.♣.♣,*,*,*,*,*,*,*,
_▓.▓.▓.▓.▓.▓[▓)♣.♣,*,*,*,*,*,*,*,
_▓.▓.▓.▓.▓.▓[▓.♣'♣,*,*,*,*,*,*,*,


There were no monsters in sight!

Vanquished Creatures
  A nagaraja (D)
  A fenstrider witch (D)
  2 emperor scorpions (D)
  A ghost moth (D)
  A fire giant (D)
  A frost giant (D)
  Snorg (D)
  A merfolk impaler (D)
  2 fire dragons (D)
  A salamander tyrant (D)
  2 hydras (D)
  Erolcha (D)
  3 centaur warriors (D)
  An anaconda (D)
  A merfolk aquamancer (D)
  A merfolk avatar (D)
  A boulder beetle (D)
  A satyr (D)
  2 alligators (D)
  A two-headed ogre (D)
  A tengu warrior (D)
  A naga warrior (D)
  A spriggan berserker (D)
  Urug (D)
  A shock serpent (D)
  3 orc high priests (D)
  Sonja (D)
  A goliath frog (D)
  A pharaoh ant (D)
  A swamp dragon (D)
  A spriggan druid (D)
  A sea snake (D)
  A naga ritualist (D)
  4 orc knights (D)
  2 deep elf pyromancers (D)
  2 cyclopes (D)
  3 orc sorcerers (D)
  2 will-o-the-wisps (D)
  An ugly thing (D)
  A naga mage (D)
  3 moths of wrath (D)
  4 black mambas (D)
  Psyche (D)
  7 cane toads (D)
  A tengu conjurer (D)
  2 komodo dragons (D)
  A troll (D)
  2 merfolk (D)
  A meliai (D)
  A tyrant leech (D)
  A slime creature (D)
  2 snapping turtles (D)
  4 blink frogs (D)
  A dream sheep (D)
  A culicivora (D)
  2 wraiths (D)
  A redback (D)
  A vampire mosquito (D)
  An acid dragon (D)
  3 water moccasins (D)
  9 orc warriors (D)
  A black bear (D)
  A boggart (D)
  2 wolves (D)
  A kobold brigand (D)
  4 bullfrogs (D)
  A wight (D)
  A jelly (D)
  2 orc priests (D)
  5 orc wizards (D)
  14 orcs (D)
  A quokka (D)
  4 kobolds (D)
  A quokka simulacrum (D)
143 creatures vanquished.

Vanquished Creatures (others)
  An orc (D)
  A foxfire (D)
2 creatures vanquished.

Grand Total: 145 creatures vanquished

Notes
Turn   | Place    | Note
-------+----------+-------------------------------------------
     0 | D        | mhtbhm the Armataur Fighter began the quest for the Orb.
     0 | D        | Reached XP level 1. HP: 19/19 MP: 1/1
    16 | D        | Reached skill level 2 in Maces & Flails
   122 | D        | Noticed a jelly
   122 | D        | Noticed an orc priest
   122 | D        | Noticed a water moccasin
   122 | D        | Noticed a black bear
   125 | D        | Killed a black bear
   126 | D        | Reached skill level 5 in Fighting
   126 | D        | Reached skill level 3 in Maces & Flails
   126 | D        | Reached skill level 5 in Shields
   126 | D        | Reached XP level 2. HP: 31/31 MP: 2/2
   126 | D        | Reached XP level 3. HP: 38/38 MP: 3/3
   126 | D        | Reached XP level 4. HP: 44/44 MP: 4/4
   135 | D        | Killed a water moccasin
   136 | D        | Reached skill level 4 in Maces & Flails
   136 | D        | Reached XP level 5. HP: 53/53 MP: 5/5
   196 | D        | Found a snail-covered altar of Cheibriados.
   196 | D        | Found a shadowy altar of Dithmenos.
   196 | D        | Found a white marble altar of Elyvilon.
   196 | D        | Found a blossoming altar of Fedhas.
   196 | D        | Found an opulent altar of Gozag.
   197 | D        | Found a hazy altar of Hepliaklqana.
   198 | D        | Found a viscous altar of Jiyva.
   199 | D        | Found an ancient bone altar of Kikubaaqudgha.
   200 | D        | Found a corrupted altar of Lugonu.
   201 | D        | Found a burning altar of Makhleb.
   202 | D        | Found a sparkling altar of Nemelex Xobeh.
   203 | D        | Found an iron altar of Okawaru.
   204 | D        | Found a stormy altar of Qazlal.
   205 | D        | Found a sacrificial altar of Ru.
   206 | D        | Found a shimmering blue altar of Sif Muna.
   207 | D        | Found a bloodstained altar of Trog.
   208 | D        | Found a hide-covered altar of Uskayaw.
   209 | D        | Found a radiant altar of Vehumet.
   210 | D        | Found an ornate altar of the Wu Jian Council.
   211 | D        | Found a shimmering altar of Xom.
   212 | D        | Found a basalt altar of Yredelemnul.
   217 | D        | Became a worshipper of Warmaster Okawaru
   232 | D        | Found a glowing silver altar of Zin.
   233 | D        | Found a glowing golden altar of the Shining One.
   294 | D        | Noticed a two-headed ogre
   294 | D        | Noticed a wraith
   294 | D        | Noticed an acid dragon
   297 | D        | Reached XP level 6. HP: 62/62 MP: 6/6
   298 | D        | Reached skill level 5 in Maces & Flails
   303 | D        | Killed an acid dragon
   304 | D        | Reached skill level 10 in Armour
   304 | D        | Reached skill level 1 in Dodging
   307 | D        | Killed a wraith
   307 | D        | Reached * piety under Okawaru
   308 | D        | Reached skill level 6 in Maces & Flails
   308 | D        | Reached skill level 1 in Evocations
   308 | D        | Reached XP level 7. HP: 41/71 MP: 7/7
   308 | D        | Killed a two-headed ogre
   308 | D        | Reached ** piety under Okawaru
   309 | D        | Reached skill level 7 in Maces & Flails
   309 | D        | Reached skill level 10 in Shields
   309 | D        | Reached XP level 8. HP: 47/80 MP: 8/8
   415 | D        | Noticed a centaur warrior
   415 | D        | Noticed a slime creature
   415 | D        | Noticed a troll
   415 | D        | Noticed a boulder beetle
   415 | D        | Noticed a deep elf pyromancer
   418 | D        | Killed a deep elf pyromancer
   418 | D        | Reached *** piety under Okawaru
   418 | D        | Killed a troll
   419 | D        | Reached skill level 8 in Maces & Flails
   419 | D        | Reached XP level 9. HP: 88/89 MP: 9/9
   433 | D        | Reached skill level 9 in Maces & Flails
   440 | D        | Killed a centaur warrior
   440 | D        | Reached **** piety under Okawaru
   441 | D        | Reached skill level 10 in Fighting
   894 | D        | Killed a boulder beetle
   895 | D        | Reached skill level 10 in Maces & Flails
  1156 | D        | Noticed a cane toad
  1156 | D        | Noticed a cane toad
  1164 | D        | Killed a cane toad
  1164 | D        | Reached ***** piety under Okawaru
  1165 | D        | Reached skill level 1 in Invocations
  1169 | D        | Killed a cane toad
  1170 | D        | Reached XP level 10. HP: 59/100 MP: 9/11
  1189 | D        | Reached skill level 11 in Maces & Flails
  1191 | D        | Reached skill level 1 in Stealth
  1389 | D        | Noticed a black mamba
  1393 | D        | Received a gift from Okawaru
  1395 | D        | Noticed a black mamba
  1404 | D        | Noticed a cane toad
  1414 | D        | Killed a black mamba
  1421 | D        | Reached skill level 5 in Dodging
  1439 | D        | Killed a black mamba
  1440 | D        | Reached skill level 12 in Maces & Flails
  1440 | D        | Reached skill level 5 in Invocations
  1444 | D        | Killed a cane toad
  1650 | D        | Noticed a cane toad
  1650 | D        | Noticed a cane toad
  1650 | D        | Noticed a cane toad
  1651 | D        | Noticed a cane toad
  1667 | D        | Killed a cane toad
  1680 | D        | Killed a cane toad
  1687 | D        | Killed a cane toad
  1692 | D        | Killed a cane toad
  1693 | D        | Reached XP level 11. HP: 50/109 MP: 15/15
  1709 | D        | Reached skill level 15 in Armour
  1710 | D        | Received a gift from Okawaru
  1711 | D        | Reached skill level 13 in Maces & Flails
  1885 | D        | Noticed Psyche
  1896 | D        | Killed Psyche
  1929 | D        | Noticed Sonja
  1934 | D        | Killed Sonja
  2122 | D        | Noticed an orc sorcerer
  2143 | D        | Killed an orc sorcerer
  2423 | D        | Noticed an orc knight
  2436 | D        | Killed an orc knight
  2437 | D        | Reached skill level 1 in Unarmed Combat
  2459 | D        | Reached skill level 14 in Maces & Flails
  2665 | D        | Found Hinawk's Assorted Antiques.
  2665 | D        | Noticed an orc high priest
  2665 | D        | Noticed an orc sorcerer
  2665 | D        | Noticed an orc knight
  2666 | D        | Noticed a sixfirhy
  2668 | D        | Noticed a sixfirhy
  2669 | D        | Killed an orc knight
  2701 | D        | Killed an orc sorcerer
  2704 | D        | Killed an orc high priest
  2714 | D        | Noticed an orc sorcerer
  2717 | D        | Paralysed by an orc sorcerer for 5 turns
  2730 | D        | Paralysed by an orc sorcerer for 2 turns
  2735 | D        | Killed an orc sorcerer
  2762 | D        | Noticed an orc high priest
  2770 | D        | Killed an orc high priest
  2770 | D        | Reached ****** piety under Okawaru
  2770 | D        | Identified the +3 great mace "Meunosiass" {pain, *Corrode
                  | rPois Will- Str+7} (Okawaru gifted it to you in the
                  | Dungeon)
  2770 | D        | Received a gift from Okawaru
  2918 | D        | Found Varghacoo's Assorted Antiques.
  2922 | D        | Found Faneh's Magic Scroll Boutique.
  2924 | D        | Noticed an orc knight
  2925 | D        | Found Dir Xeyl's Book Shop.
  2926 | D        | Noticed an orc knight
  2935 | D        | Killed an orc knight
  2936 | D        | Noticed an orc high priest
  2940 | D        | Killed an orc knight
  2941 | D        | Reached skill level 15 in Maces & Flails
  2959 | D        | Killed an orc high priest
  2960 | D        | Reached skill level 5 in Evocations
  3000 | D        | Bought a scroll of blinking for 187 gold pieces
  3000 | D        | Bought a tiny filigree amulet for 125 gold pieces
  3005 | D        | Bought a glowing morningstar for 126 gold pieces
  3008 | D        | Bought an embroidered cloak for 135 gold pieces
  3019 | D        | Bought a potion of curing for 54 gold pieces
  3019 | D        | Bought a scroll of fear for 72 gold pieces
  3019 | D        | Bought a scroll labelled NAOQENE DERHE for 18 gold pieces
  3019 | D        | Bought a scroll labelled CYSOTT AJIREK for 18 gold pieces
  3019 | D        | Bought a scroll labelled OROANU BITSIM for 18 gold pieces
  3021 | D        | Bought a potion of curing for 75 gold pieces
  3021 | D        | Bought a scroll labelled KUGGET BEEKHI for 25 gold pieces
  3021 | D        | Bought a scroll labelled OROANU BITSIM for 25 gold pieces
  3021 | D        | Bought a scroll labelled OROANU BITSIM for 25 gold pieces
  3021 | D        | Bought a scroll of enchant armour for 187 gold pieces
  3021 | D        | Bought a garnet ring for 125 gold pieces
  3025 | D        | Bought 2 scrolls of identify for 48 gold pieces
  3028 | D        | Bought 3 scrolls of magic mapping for 270 gold pieces
  3028 | D        | Bought a scroll of enchant armour for 90 gold pieces
  3028 | D        | Bought a scroll of immolation for 48 gold pieces
  3106 | D        | Noticed Urug
  3121 | D        | Killed Urug
  3368 | D        | Noticed a centaur warrior
  3368 | D        | Noticed a deep elf pyromancer
  3368 | D        | Noticed a centaur warrior
  3372 | D        | Killed a centaur warrior
  3373 | D        | Reached XP level 12. HP: 120/120 MP: 19/19
  3375 | D        | Reached skill level 10 in Invocations
  3390 | D        | Killed a centaur warrior
  3390 | D        | Identified the +5 crystal plate armour of the Living God
                  | {+Inv rElec} (Okawaru gifted it to you in the Dungeon)
  3390 | D        | Received a gift from Okawaru
  3393 | D        | Noticed a fire dragon
  3394 | D        | Noticed a frost giant
  3397 | D        | Reached skill level 16 in Maces & Flails
  3407 | D        | Noticed a fire dragon
  3408 | D        | Killed a fire dragon
  3410 | D        | Noticed a fire giant
  3415 | D        | Noticed a tengu warrior
  3422 | D        | Killed a frost giant
  3430 | D        | Killed a fire dragon
  3431 | D        | Reached skill level 1 in Throwing
  3436 | D        | Killed a fire giant
  3443 | D        | Killed a tengu warrior
  3444 | D        | Reached skill level 17 in Maces & Flails
  3528 | D        | Noticed Snorg
  3539 | D        | Killed Snorg
  3551 | D        | Noticed Erolcha
  3562 | D        | Killed Erolcha
  3712 | D        | Noticed a merfolk avatar
  3712 | D        | Noticed a merfolk aquamancer
  3712 | D        | Noticed a merfolk impaler
  3713 | D        | Noticed a satyr
  3719 | D        | Killed a merfolk aquamancer
  3731 | D        | Killed a merfolk avatar
  3748 | D        | Killed a merfolk impaler
  3770 | D        | Reached skill level 15 in Shields
  3775 | D        | Killed a satyr
  3775 | D        | Identified the +7 falchion "Dihe" {venom, Str+2} (Okawaru
                  | gifted it to you in the Dungeon)
  3775 | D        | Received a gift from Okawaru
  3776 | D        | Reached XP level 13. HP: 54/133 MP: 11/22
  3991 | D        | Noticed a fenstrider witch
  4076 | D        | Noticed a ghost moth
  4083 | D        | Killed a ghost moth
  4222 | D        | Noticed an emperor scorpion
  4240 | D        | Killed an emperor scorpion
  4240 | D        | Identified the +0 pair of gloves of the Morning {Will+}
                  | (Okawaru gifted it to you in the Dungeon)
  4240 | D        | Received a gift from Okawaru
  4421 | D        | Killed a fenstrider witch
  4422 | D        | Reached skill level 15 in Fighting
  4422 | D        | Reached skill level 18 in Maces & Flails
  4670 | D        | Noticed a nagaraja
  4689 | D        | Killed a nagaraja
  4969 | D        | Noticed an emperor scorpion
  5277 | D        | Killed an emperor scorpion
  5277 | D        | Received a gift from Okawaru
  5281 | D        | HP: 6/136 [poisoned by an emperor scorpion]
  5282 | D        | Gained mutation: You have a pair of small horns on your
                  | head. [potion of mutation]
  5282 | D        | Gained mutation: You are dopey. (Int -2) [potion of
                  | mutation]
  5282 | D        | Gained mutation: You are partially covered in iridescent
                  | scales. (AC +2) [potion of mutation]
  5282 | D        | HP: 2/136 [poisoned by an emperor scorpion]
  5283 | D        | Succumbed to an emperor scorpion's poison

Illustrated notes

Levels and vault maps discovered:
D:        linesprint [early_d, line_temple, items_1, d_10, items_2, lair_1,
          lair_end, items_3, orc_1, orc_end, items_4, d_15, swamp_1, shoals_1,
          snake_1, spider_1, d_20, vaults_1, items_5, swamp_end, shoals_end,
          snake_end, spider_end, vaults_end, d_27, items_6, zot_1, zot_end,
          crypt_end, forest_end, elf_end, slime_end, tomb_end, abyss_end,
          pan_hell_end]

Skill      XL: |  1  2  3  4  5  6  7  8  9 10 11 12 13 |
---------------+----------------------------------------+-----
Fighting       | 5 6 7 8 9 10 11 12 14 15 | 15.8
Armour         | 6 8 9 10 11 13 14 15 16 17 | 17.8
Maces & Flails | 3 4 6 7 8 10 12 15 17 18 | 18.5
Shields        | 5 7 9 10 11 12 13 15 17 | 17.9
Dodging        | 1 2 3 4 6 7 |  7.4
Evocations     | 1 2 4 5 |  5.3
Invocations    | 2 6 9 12 14 | 14.5
Stealth        | 1 2 |  2.6
Unarmed Combat | 1 |  1.3
Throwing       | 2 4 |  4.0

Action                   |  1- 3 |  4- 6 |  7- 9 | 10-12 | 13-15 || total
-------------------------+-------+-------+-------+-------+-------++-------
Melee: Flail             |    15 |    17 |       |       |       ||    32
       Tailslap          |     1 |     6 |    12 |    66 |    32 ||   117
       Morningstar       |       |     9 |    58 |   319 |       ||   386
       Unarmed           |       |       |       |     7 |       ||     7
       Eveningstar       |       |       |       |   112 |   166 ||   278
Throw: Dart              |       |       |       |     7 |       ||     7
       Javelin           |       |       |       |     7 |       ||     7
Evoke: Wand              |       |     4 |     4 |     8 |     3 ||    19
  Use: Potion            |     1 |       |     1 |     9 |    12 ||    23
       Scroll            |       |       |       |    10 |     5 ||    15
 Stab: Invisible         |       |       |       |       |     2 ||     2
Armor: Scale mail        |     4 |     4 |       |       |       ||     8
       Ring mail         |       |     8 |    28 |   151 |       ||   187
       Storm dragon scal |       |       |       |    29 |       ||    29
       Crystal plate arm |       |       |       |    27 |   140 ||   167
Dodge: Dodged            |     9 |     6 |    10 |    72 |    19 ||   116
Block: Buckler           |     2 |     7 |    14 |    64 |       ||    87
       Tower shield      |       |       |       |    69 |   172 ||   241

Table legend: (Time is in decaauts)
 A = Elapsed time spent in this place.
 B = Non-inter-level travel time spent in this place.
 C = Inter-level travel time spent in this place.
 D = Time resting spent in this place.
 E = Time spent auto-exploring this place.
 F = Levels seen in this place.
 G = Mean time per level.
                   A        B        C        D        E       F      G
               +--------+--------+--------+--------+--------+-----+--------+
         Total |   5192 |   5191 |      1 |   2790 |    271 |   1 | 5192.0 |
       Dungeon |   5192 |   5191 |      1 |   2790 |    271 |   1 | 5192.0 |
               +--------+--------+--------+--------+--------+-----+--------+

Top non-repeatable levels by time:
       D: 5192 daAuts
